 Dungeon Crawl Stone Soup version 0.30-a0-137-gd8773701ce (webtiles) character file.

Game seed: 16701394582729619846

46 jimonade the Shooter (level 3, -20/20 HPs)
             Began as a Deep Elf Hexslinger on Sept 21, 2022.
             Killed from afar by Ijyb (26 damage)
             ... with a bolt of acid
             ... on level 3 of the Dungeon.
             The game lasted 00:02:27 (1569 turns).

jimonade the Shooter (Deep Elf Hexslinger)          Turns: 1569, Time: 00:02:27

Health: -20/20     AC:  2    Str:  7    XL:     3   Next: 46%
Magic:  7/7        EV: 17    Int: 17    God:
Gold:   116        SH:  0    Dex: 17    Spells: 4/5 levels left

rFire   . . .      SeeInvis .    a - +1 sling
rCold   . . .      Faith    .    (no shield)
rNeg    . . .      Spirit   .    c - +0 robe
rPois   .          Reflect  .    (no helmet)
rElec   .          Harm     .    (no cloak)
rCorr   .          Rampage  .    (no gloves)
Will    .....                    (no boots)
Stlth   ++........               (no amulet)
HPRegen 0.06/turn                o - +4 ring of evasion
MPRegen 0.10/turn                (no ring)

@: no status effects
A: no striking features
a: no special abilities


You were on level 3 of the Dungeon.
You visited 1 branch of the dungeon, and saw 3 of its levels.

You collected 116 gold pieces.

Inventory:

Hand Weapons
 a - a +1 sling (weapon)
 n - a +0 whip of flaming
Armour
 c - a +0 robe (worn)
 e - a +0 ring mail of positive energy
Jewellery
 o - a +4 ring of evasion (left hand)
Wands
 s - a wand of charming (4)
Scrolls
 b - 2 scrolls of poison
 f - 2 scrolls of blinking {unknown}
 g - a scroll of torment {unknown}
 h - 2 scrolls of summoning {unknown}
 j - a scroll of immolation {unknown}
 k - 9 scrolls of identify {unknown}
 m - 2 scrolls of fog {unknown}
 q - a scroll of amnesia {unknown}
Potions
 d - a potion of brilliance {unknown}
 i - a potion of curing {unknown}
 l - a potion of attraction {unknown}
 p - a potion of invisibility {unknown}
 r - a potion of magic {unknown}


   Skills:
 - Level 0.7 Fighting
 + Level 5.2 Ranged Weapons
 - Level 2.4 Dodging
 - Level 1.5 Spellcasting
 - Level 4.0 Hexes


You had 4 spell levels left.
You knew the following spells:

 Your Spells              Type           Power      Damage    Failure   Level
a - Slow                  Hex            56%        N/A       4%          1

Your spell library contained the following spells:

 Spells                   Type           Power      Damage    Failure   Level
 Dazzling Flash           Conj/Hex       16%        N/A       26%         3
 Inner Flame              Hex/Fire       8%         N/A       26%         3
 Portal Projectile        Hex/Tloc       16%        N/A       26%         3
 Scorch                   Fire           2%         2d5       30%         2
 Static Discharge         Conj/Air       2%         2-3/arc   30%         2
 Cause Fear               Hex            7%         N/A       36%         4
 Gell's Gravitas          Tloc           1%         N/A       52%         3
 Lesser Beckoning         Tloc           1%         N/A       52%         3
 Teleport Other           Tloc           1%         N/A       52%         3
 Dispel Undead            Necr           1%         3d6       90%         4
 Flame Wave               Conj/Fire      1%         2d4       90%         4
 Sticky Flame             Conj/Fire      1%         2d3       90%         4
 Silence                  Hex/Air        4%         N/A       94%         5
 Agony                    Necr           1%         N/A       99%         5
 Summon Cactus Giant      Summ           0%         N/A       100%        6


Dungeon Overview and Level Annotations

Branches:
Dungeon (3/15)

Altars:

Annotations:
D:1 exclusion: downstairs
D:3 Ijyb


Message History

The bat closely misses you.
You shoot a sling bullet. The sling bullet hits the bat.
The bat is heavily wounded.
The bat closely misses you.
You shoot a sling bullet.
The sling bullet closely misses the bat.
The bat barely misses you.
You shoot a sling bullet. The sling bullet hits the bat.
You kill the bat!
No target in view!
No target in view!
Ijyb the Twisted Goblin comes into view.
She is wielding a +0 dagger and carrying a wand of acid (8).
You shoot a sling bullet. The sling bullet hits Ijyb.
Ijyb shouts!
Ijyb is lightly wounded.
You shoot a sling bullet. The sling bullet closely misses Ijyb.
You shoot a sling bullet.
The sling bullet completely misses Ijyb.
Ijyb zaps a wand.
The bolt of acid hits you!
Ouch! That really hurt!
* * * LOW HITPOINT WARNING * * *
You are too injured to fight recklessly!
You are too injured to fight recklessly!
You are too injured to fight recklessly!
You are too injured to fight recklessly!
You are too injured to fight recklessly!
You are too injured to fight recklessly!
Fire: a) +1 sling
Press: ? - help, Q - select action, (/) - cycle Shift-Dir - straight line, f/p - Ijyb
Aim: Ijyb, wielding a +0 dagger, wearing a +0 ring mail and carrying a wand of acid (7) (lightly wounded, 57% to hit)
You shoot a sling bullet.
The sling bullet hits Ijyb but does no damage.
Ijyb is lightly wounded.
Fire: a) +1 sling
Press: ? - help, Q - select action, (/) - cycle Shift-Dir - straight line, f/p - Ijyb
Aim: Ijyb, wielding a +0 dagger, wearing a +0 ring mail and carrying a wand of acid (7) (lightly wounded, 57% to hit)
You shoot a sling bullet. The sling bullet barely misses Ijyb.
Ijyb zaps a wand.
The bolt of acid hits you!!
Ouch! That really hurt!
You die...

#...##. .. .... .......
. ..#.# ......^ .##....#
....... #.. ...# #..g..
#.# ...# #.# .#.....
##.##...###...
.....?.###............##
#.@.....#.# #.##
##.##......# #.##
...#.....###. #.##
...........# .. #.##
.....#####...# #. #...
....# ##.## #.# #.†.
.... #.# #..##.## .#.
#.# #......
#.######......


You could see Ijyb.

Vanquished Creatures
  2 adders
  A worm (D:2)
  2 ball pythons
  4 bats
  An endoplasm (D:1)
  3 goblins
  4 hobgoblins
  A quokka (D:2)
  3 frilled lizards
  3 kobolds
  A rat (D:1)
25 creatures vanquished.

Notes
Turn   | Place    | Note
-------+----------+-------------------------------------------
     0 | D:1      | jimonade the Deep Elf Hexslinger began the quest for the
                  | Orb.
     0 | D:1      | Reached XP level 1. HP: 11/11 MP: 5/5
    36 | D:1      | Reached skill level 3 in Ranged Weapons
   143 | D:1      | Found a faded altar of an unknown god.
   363 | D:1      | Reached XP level 2. HP: 16/16 MP: 6/6
   610 | D:1      | Reached skill level 4 in Ranged Weapons
  1280 | D:2      | Reached XP level 3. HP: 20/20 MP: 7/7
  1495 | D:3      | Reached skill level 5 in Ranged Weapons
  1564 | D:3      | Noticed Ijyb
  1569 | D:3      | Killed from afar by Ijyb

Illustrated notes

Levels and vault maps discovered:
D:1:      grunt_arrival_crossed_arrows, layout_loops_ring,
          hellmonk_ecumenical_altar_inner_sanctum
D:2:      layout_rooms, chequers_jeans
D:3:      layout_rooms, hangedman_glass_teeth, uniq_ijyb

Skill      XL: |  1  2  3 |
---------------+----------+-----
Ranged Weapons | 3 4 5 |  5.2
Fighting       | |  0.7
Dodging        | |  2.4
Spellcasting   | |  1.5
Hexes          | |  4.0

Action                   || total
-------------------------++-------
 Fire: Sling             ||   110
Armor: Robe              ||     3
Dodge: Dodged            ||    26

Table legend: (Time is in decaauts)
 A = Elapsed time spent in this place.
 B = Non-inter-level travel time spent in this place.
 C = Inter-level travel time spent in this place.
 D = Time resting spent in this place.
 E = Time spent auto-exploring this place.
 F = Levels seen in this place.
 G = Mean time per level.
                   A        B        C        D        E       F      G
               +--------+--------+--------+--------+--------+-----+--------+
         Total |   1589 |   1553 |     36 |      0 |   1291 |   3 |  529.7 |
       Dungeon |   1589 |   1553 |     36 |      0 |   1291 |   3 |  529.7 |
               +--------+--------+--------+--------+--------+-----+--------+

Top non-repeatable levels by time:
     D:1: 787 daAuts
     D:2: 717 daAuts
     D:3: 84 daAuts
